 Dungeon Crawl Stone Soup version 0.29-a0-925-g0a7a3d12f8 (webtiles) character file.

Game seed: 14716948483953123169

154868 inmateoo the Executioner (level 17, -10/156 HPs)
             Began as a Minotaur Gladiator on July 28, 2022.
             Was the Champion of Okawaru.
             Mangled by a naga warrior
             ... wielding a +0 trident
              (44 damage)
             ... on level 2 of the Snake Pit.
             The game lasted 00:23:38 (22572 turns).

inmateoo the Executioner (Minotaur Gladiator)      Turns: 22572, Time: 00:23:38

Health: -10/156    AC: 26    Str: 25    XL:     17   Next: 7%
Magic:  23/23      EV: 16    Int:  8    God:    Okawaru [******]
Gold:   1232       SH: 16    Dex: 14    Spells: 16/16 levels left

rFire   . . .      SeeInvis .   R - +9 broad axe (venom)
rCold   + . .      Faith    .   e - +0 tower shield
rNeg    + + .      Spirit   .   x - +2 chain mail {rC+}
rPois   +          Reflect  .   v - +2 hat
rElec   .          Harm     .   n - +2 cloak {Stlth+}
rCorr   +          Rampage  .   H - +2 pair of gloves of Kuruh {rN+ Will+ rCorr Int+3}
Will    +++++      Clarity  +   Q - +0 pair of boots
Stlth   ..........              p - amulet of the Four Winds {rN+ Will+++ Clar}
HPRegen 0.36/turn               c - +4 ring of evasion
MPRegen 0.18/turn               y - +4 ring of slaying

@: no status effects
A: horns 2, retaliatory headbutt, poison resistance, wild magic 1
a: Renounce Religion, Heroism, Finesse, Duel


You were on level 2 of the Snake Pit.
You worshipped Okawaru.
Okawaru was exalted by your worship.
You visited 5 branches of the dungeon, and saw 25 of its levels.
You also visited: Sewer.

You collected 2414 gold pieces.
You spent 1182 gold pieces at shops.

Inventory:

Hand Weapons
 j - a +0 broad axe of draining
 K - a +5 morningstar
 R - a +9 broad axe of venom (weapon)
Missiles
 d - 5 throwing nets (quivered)
Armour
 e - a +0 tower shield (worn)
 n - a +2 cloak of stealth (worn)
 v - a +2 hat (worn)
 x - a +2 chain mail of cold resistance (worn)
 H - the +2 pair of gloves of Kuruh (worn) {rN+ Will+ rCorr Int+3}
   (Okawaru gifted it to you on level 14 of the Dungeon)

   Int:       It affects your intelligence (+3).
   rN:        It protects you from negative energy.
   rCorr:     It protects you from acid and corrosion.
   Will:      It increases your willpower.
 Q - a +0 pair of boots (worn)
Jewellery
 a - a ring of see invisible
 c - a +4 ring of evasion (left hand)
 p - the amulet of the Four Winds (around neck) {rN+ Will+++ Clar}
   (You bought it in a shop on level 2 of the Orcish Mines)

   [amulet of nothing]

   rN:        It protects you from negative energy.
   Clar:      It protects you against confusion.
   Will:      It greatly increases your willpower.
 t - a ring of fire
 y - a +4 ring of slaying (right hand)
Wands
 b - a wand of polymorph (18)
 g - a wand of digging (7)
 h - a wand of roots (11)
 q - a wand of acid (5)
 z - a wand of flame (21)
 B - a wand of paralysis (17)
 F - a wand of mindburst (17)
Scrolls
 f - 6 scrolls of enchant armour
 i - a scroll of enchant weapon
 m - 4 scrolls of fear
 o - 7 scrolls of teleportation
 w - 2 scrolls of blinking
 I - 5 scrolls of amnesia
 N - 15 scrolls of identify
 P - 2 scrolls of poison
Potions
 k - 2 potions of resistance
 l - 5 potions of flight
 r - 4 potions of mutation
 s - 16 potions of heal wounds
 u - 4 potions of ambrosia
 A - 7 potions of lignification
 C - a potion of berserk rage
 D - 7 potions of might
 E - 3 potions of brilliance
 J - 5 potions of haste
 L - 6 potions of curing
 O - a potion of cancellation


   Skills:
 + Level 15.0 Fighting
 * Level 22.5 Axes
 - Level 2.0 Throwing
 + Level 14.7 Armour
 + Level 14.0 Dodging
 + Level 10.8 Shields
 - Level 10.0 Invocations


You had 16 spell levels left.
You didn't know any spells.
Your spell library contained the following spells:

 Spells                   Type           Power      Damage    Failure   Level
 Necrotise                Necr           0%         1d4       100%        1
 Ensorcelled Hibernation  Hex/Ice        0%         N/A       100%        2
 Passwall                 Tmut/Erth      0%         N/A       100%        2
 Static Discharge         Conj/Air       0%         3-3/arc   100%        2
 Conjure Flame            Conj/Fire      0%         6-21      100%        3
 Dazzling Flash           Conj/Hex       0%         N/A       100%        3
 Ignite Poison            Fire/Tmut/Pois 0%         N/A       100%        3
 Portal Projectile        Hex/Tloc       0%         N/A       100%        3
 Stone Arrow              Conj/Erth      0%         3d7       100%        3
 Swiftness                Air            0%         N/A       100%        3
 Vampiric Draining        Necr           0%         2d6       100%        3
 Dispel Undead            Necr           0%         3d6       100%        4
 Fulminant Prism          Conj/Hex       0%         3d6       100%        4
 Iskenderun's Mystic Bla  Conj/Tloc      0%         2d3       100%        4
 Leda's Liquefaction      Hex/Erth       0%         N/A       100%        4
 Passage of Golubria      Tloc           0%         N/A       100%        4
 Petrify                  Tmut/Erth      0%         N/A       100%        4
 Sticky Flame             Conj/Fire      0%         2d3       100%        4
 Agony                    Necr           0%         N/A       100%        5
 Borgnjor's Vile Clutch   Necr/Erth      0%         N/A       100%        5
 Lee's Rapid Deconstruct  Erth           0%         3d5*      100%        5
 Metabolic Englaciation   Hex/Ice        0%         N/A       100%        5
 Silence                  Hex/Air        0%         N/A       100%        5
 Eringya's Noxious Bog    Tmut/Pois      0%         N/A       100%        6
 Starburst                Conj/Fire      0%         6d3       100%        6
 Statue Form              Tmut/Erth      0%         N/A       100%        6
 Lehudib's Crystal Spear  Conj/Erth      0%         10d2      100%        8
 Call Canine Familiar     Summ           Unusable   N/A       N/A         3
 Animate Armour           Summ/Erth      Unusable   N/A       N/A         4
 Animate Dead             Necr           Unusable   N/A       N/A         4
 Summon Forest            Summ/Tloc      Unusable   N/A       N/A         5
 Death Channel            Necr           Unusable   N/A       N/A         6
 Summon Hydra             Summ           Unusable   N/A       N/A         7

Dungeon Overview and Level Annotations

Branches:
Dungeon (15/15)            Temple (1/1) D:6            Lair (5/5) D:10
 Shoals (0/4) Lair:3        Snake (2/4) Lair:3          Orc (2/2) D:12
    Elf (0/3) Orc:2        Vaults (0/5) D:14         Depths (0/4) D:15
  Sewer (visited)
  Slime: Lair:4-5

Altars:
Ashenzari
Cheibriados
Dithmenos
Elyvilon
Fedhas
Gozag
Hepliaklqana
Kikubaaqudgha
Makhleb
Nemelex Xobeh
Okawaru
Qazlal
Ru
Sif Muna
Trog
Uskayaw
Vehumet
Wu Jian
Xom
Yredelemnul
Zin
The Shining One
Jiyva

Shops:
D:12 [   Orc:2 [!:=[

Portals:
Trove: D:11 (give 2 scrolls of acquirement)

Annotations:
D:3 2 transporters, Xenophilius's ghost, novice MiNe
D:14 6 runed translucent doors
Lair:5 exclusion: 4 oklob plants


Innate Abilities, Weirdness & Mutations

You have a pair of horns on your head.
You reflexively headbutt those who attack you in melee.
Your system is resistant to poisons. (rPois)
Your spells are a little harder to cast, but a little more powerful.


Message History

The bolt of electricity hits you! The bolt of electricity misses you.
The bolt of electricity hits the shock serpent.
The shock serpent completely resists.
The anaconda misses you. The anaconda constricts you.
You block the naga mage's attack.
You are too injured to fight recklessly!
You escape the anaconda's grasp.
You block the shock serpent's attack. The naga warrior closely misses you.
You block the naga warrior's attack.
The naga sharpshooter shoots an arrow.
The arrow hits you!
* * * LOW HITPOINT WARNING * * *
The anaconda grabs you.
The anaconda bites you but does no damage.
The anaconda constricts you.
* * * LOW HITPOINT WARNING * * *
The naga mage barely misses you. You furiously retaliate!
You headbutt the naga mage! The shock serpent closely misses you.
Items here: $ )) [.
You are too injured to fight recklessly!
Unknown command.
You slash the shock serpent!
You kill the shock serpent!
Okawaru accepts your kill.
You slash the naga sharpshooter! You slice the naga warrior!!
You slice the naga mage!!
You kill the naga mage!
Okawaru accepts your kill.
You slash the anaconda! You block the anaconda's attack.
The anaconda constricts you.
* * * LOW HITPOINT WARNING * * *
You block the naga warrior's attack.
The naga sharpshooter shoots an arrow.
The arrow hits you but does no damage. The anaconda bites you.
* * * LOW HITPOINT WARNING * * *
The anaconda constricts you.
Your Fighting skill increases to level 15!
Your Dodging skill increases to level 14!
You slash the anaconda!
You kill the anaconda!
Okawaru accepts your kill.
You slash the naga sharpshooter! You slice the naga warrior!!
The naga warrior hits you with a +0 trident!!!
You die...

###..####..............#
#..###.....#$.......##
#..................##
###.................##
..............#...###
.<.†..##...........#
##...####.....#....#
.....# ##...##....#
#......# #... #)@..#
#..............NN).#
.......###.........#
#......# #......>..#
#..>...# #...##....#
#... #....# ... #....#
.. #....#


You could see a naga warrior (strong) and a naga sharpshooter (strong).

Vanquished Creatures
  Frances (D:13)
  Kirke (Snake:1)
  Roxanne (D:15)
  A frost giant (D:14)
  Aizul (Snake:1)
  A stone giant (D:15)
  2 ettins (D:14)
  Josephine (Orc:2)
  A fire dragon (D:14)
  A yaktaur captain (D:14)
  2 ogre magi (D:15)
  6 boulder beetles
  6 hydras
  9 vault guards
  A catoblepas (Lair:5)
  5 anacondas
  10 two-headed ogres
  A death knight (D:14)
  5 naga warriors
  25 death yaks
  7 centaur warriors
  3 tengu warriors
  3 orc high priests (Orc:2)
  3 naga sharpshooters (Snake:2)
  3 shock serpents
  A fire crab (Lair:5)
  Lodul (D:14)
  Sonja (D:13)
  A salamander mystic (Snake:2)
  6 sea snakes (Snake:1)
  2 naga ritualists (Snake:1)
  A wizard (D:14)
  Pikel (D:7)
  7 mana vipers
  3 deep elf pyromancers (D:14)
  3 necromancers (Orc:1)
  6 orc sorcerers
  7 orc knights
  5 ugly things
  3 cyclopes
  10 elephants (Lair:5)
  A moth of wrath (D:14)
  4 manticores
  6 salamanders
  A black mamba (shapeshifter) (D:14)
  A guardian serpent (Snake:1)
  3 torpor snails (Lair:4)
  4 naga magi
  26 black mambas
  7 cane toads
  3 kobold demonologists (D:10)
  2 rime drakes
  An unseen horror (D:12)
  An unseen horror (shapeshifter) (D:14)
  10 komodo dragons
  A demonic crawler (D:14)
  2 efreet (D:14)
  2 freezing wraiths (D:14)
  7 trolls
  11 polar bears
  A tarantella (shapeshifter) (D:14)
  A polar bear (shapeshifter) (D:14)
  A snapping turtle (Lair:3)
  A tyrant leech (D:14)
  7 hornets
  3 raiju (Lair:5)
  8 slime creatures
  17 blink frogs
  6 dream sheep (Lair:4)
  Sigmund (D:3)
  44 yaks
  A shadow (D:12)
  5 wyverns
  4 basilisks
  5 wraiths
  3 hogs (Snake:1)
  4 fire bats (D:10)
  9 vampire mosquitoes
  4 steam dragons
  3 swamp worms (D:14)
  12 wargs
  14 nagas
  13 hell hounds
  3 acid dragons
  A two-headed ogre skeleton (Orc:1)
  21 water moccasins
  12 black bears
  30 orc warriors
  2 sky beasts (D:7)
  17 ogres
  20 wolves
  4 centaurs
  A kobold brigand (D:9)
  A necrophage (D:7)
  A gnoll sergeant (D:8)
  7 bullfrogs
  A scorpion (D:6)
  8 wights
  4 killer bees (D:11)
  A troll skeleton (Orc:1)
  14 electric eels
  A howler monkey (D:11)
  2 lava snakes (D:10)
  3 hounds
  2 jellies
  18 orc priests
  Ijyb (D:4)
  25 orc wizards
  A hell rat (Sewer)
  4 iguanas
  9 gnolls
  An ogre simulacrum (Orc:1)
  2 river rats (Sewer)
  6 adders
  A white imp (D:7)
  An ufetubus (D:6)
  2 orc skeletons (Orc:1)
  5 orc zombies (Orc:1)
  2 worms (D:2)
  A dart slug (D:1)
  89 orcs
  8 ball pythons
  5 endoplasms
  5 giant cockroaches
  8 goblins
  7 hobgoblins
  2 jackals (D:1)
  5 quokkas
  5 bats
  3 frilled lizards
  12 kobolds
  14 rats
  A fire vortex (D:10)
817 creatures vanquished.

Vanquished Creatures (others)
  An orc wizard (D:9)
  2 fire vortices (D:10)
  13 fungi
  47 plants
63 creatures vanquished.

Grand Total: 880 creatures vanquished

Notes
Turn   | Place    | Note
-------+----------+-------------------------------------------
     0 | D:1      | inmateoo the Minotaur Gladiator began the quest for the
                  | Orb.
     0 | D:1      | Reached XP level 1. HP: 18/18 MP: 0/0
   100 | D:1      | Reached XP level 2. HP: 23/25 MP: 1/1
   108 | D:1      | Reached skill level 4 in Axes
   214 | D:1      | Reached skill level 1 in Armour
   552 | D:1      | Reached XP level 3. HP: 29/30 MP: 2/2
   869 | D:2      | Noticed a necrophage
  1194 | D:2      | Reached XP level 4. HP: 38/38 MP: 3/3
  1353 | D:2      | Reached skill level 5 in Axes
  1704 | D:3      | Noticed Sigmund
  1711 | D:3      | Killed Sigmund
  1712 | D:3      | Reached XP level 5. HP: 27/46 MP: 4/4
  1712 | D:3      | Reached XP level 6. HP: 31/52 MP: 5/5
  1979 | D:3      | Reached skill level 6 in Axes
  2114 | D:3      | Found a transporter.
  2116 | D:3      | Found a transporter.
  2117 | D:3      | Noticed Xenophilius's ghost (novice MiNe)
  2394 | D:4      | Noticed Ijyb
  2402 | D:4      | Killed Ijyb
  2838 | D:5      | Entered Level 5 of the Dungeon
  2989 | D:5      | Found a glowing drain.
  3015 | Sewer    | Entered a sewer
  3073 | Sewer    | Reached XP level 7. HP: 36/60 MP: 6/6
  3381 | D:5      | Reached skill level 7 in Axes
  3381 | D:5      | Reached skill level 5 in Dodging
  3701 | D:6      | Reached skill level 5 in Fighting
  3840 | D:6      | Found a staircase to the Ecumenical Temple.
  3897 | Temple   | Entered the Ecumenical Temple
  3897 | Temple   | Found a transporter.
  3897 | Temple   | Found a transporter.
  3899 | Temple   | Found a transporter.
  3899 | Temple   | Found a transporter.
  3928 | Temple   | Became a worshipper of Hepliaklqana the Forgotten
  3951 | Temple   | Fell from the grace of Hepliaklqana
  3951 | Temple   | Became a worshipper of Warmaster Okawaru
  4700 | D:7      | Reached * piety under Okawaru
  5017 | D:7      | Noticed Pikel
  5032 | D:7      | Killed Pikel
  5032 | D:7      | Reached ** piety under Okawaru
  5033 | D:7      | Was forgiven by Hepliaklqana
  5033 | D:7      | Reached skill level 8 in Axes
  5033 | D:7      | Reached skill level 5 in Armour
  5033 | D:7      | Reached XP level 8. HP: 24/70 MP: 7/7
  5458 | D:8      | Reached skill level 9 in Axes
  5494 | D:8      | Reached *** piety under Okawaru
  5577 | D:8      | Noticed a hornet
  5583 | D:8      | Killed a hornet
  5584 | D:8      | Reached XP level 9. HP: 75/78 MP: 8/8
  5591 | D:8      | Reached skill level 1 in Invocations
  5702 | D:8      | Reached skill level 10 in Axes
  5719 | D:8      | Received a gift from Okawaru
  5964 | D:9      | Noticed a green ugly thing
  5975 | D:9      | Killed a green ugly thing
  6057 | D:9      | Reached **** piety under Okawaru
  6063 | D:9      | Reached skill level 11 in Axes
  6127 | D:9      | Reached XP level 10. HP: 83/88 MP: 11/11
  6394 | D:10     | Entered Level 10 of the Dungeon
  6421 | D:10     | Reached ***** piety under Okawaru
  6456 | D:10     | Noticed a sun demon
  6465 | D:10     | Noticed an orange demon
  6612 | D:10     | Noticed an orange demon
  6635 | D:10     | Reached skill level 12 in Axes
  6667 | D:10     | Received a gift from Okawaru
  6696 | D:10     | Identified the +1 robe of Peomax {+Blink Int+3}
  6755 | D:10     | Found a staircase to the Lair.
  7100 | D:10     | Found a burning altar of Makhleb.
  7102 | D:10     | Found a broken altar of Ashenzari.
  7103 | D:10     | Found a basalt altar of Yredelemnul.
  7124 | D:10     | Reached skill level 15 in Axes
  7124 | D:10     | Reached XP level 11. HP: 95/95 MP: 13/13
  7279 | D:11     | Noticed a purple ugly thing
  7287 | D:11     | Killed a purple ugly thing
  7307 | D:11     | Received a gift from Okawaru
  7409 | D:11     | Reached skill level 16 in Axes
  7665 | D:11     | Reached skill level 5 in Invocations
  7742 | D:11     | Noticed a vault guard
  7760 | D:11     | Killed a vault guard
  7761 | D:11     | Reached XP level 12. HP: 50/104 MP: 14/14
  7814 | D:11     | Found a portal to a secret trove of treasure.
  8045 | D:12     | Noticed an eight-headed hydra
  8079 | D:12     | Killed an eight-headed hydra
  8126 | D:12     | Noticed a boulder beetle
  8138 | D:12     | Found a staircase to the Orcish Mines.
  8138 | D:12     | Found Torel's Armour Shoppe.
  8229 | D:12     | Killed a boulder beetle
  8356 | D:12     | Noticed a two-headed ogre
  8368 | D:12     | Killed a two-headed ogre
  8368 | D:12     | Identified the -1 cloak "Puvi" {MP+9 Str-5 Dex+3} (Okawaru
                  | gifted it to you on level 12 of the Dungeon)
  8368 | D:12     | Received a gift from Okawaru
  8487 | D:12     | Noticed a two-headed ogre
  8491 | D:12     | Killed a two-headed ogre
  8533 | D:12     | Noticed a boulder beetle
  8557 | D:12     | Killed a boulder beetle
  8681 | D:12     | Found a snail-covered altar of Cheibriados.
  9086 | D:13     | Noticed a boulder beetle
  9123 | D:13     | Killed a boulder beetle
  9124 | D:13     | Reached skill level 10 in Fighting
  9124 | D:13     | Reached skill level 17 in Axes
  9296 | D:13     | Noticed Sonja
  9315 | D:13     | Killed Sonja
  9575 | D:13     | Noticed Frances
  9592 | D:13     | Killed Frances
  9797 | D:14     | Reached skill level 10 in Armour
  9836 | D:14     | Noticed a centaur warrior
  9855 | D:14     | Killed a centaur warrior
  9940 | D:14     | Noticed a fire dragon
  9956 | D:14     | Killed a fire dragon
  9957 | D:14     | Reached skill level 10 in Dodging
  9963 | D:14     | Reached ****** piety under Okawaru
  9964 | D:14     | Reached XP level 13. HP: 80/114 MP: 17/17
  9973 | D:14     | Received a gift from Okawaru
 10150 | D:14     | Found a gate to the Vaults.
 10302 | Lair:1   | Entered Level 1 of the Lair of Beasts
 10511 | Lair:1   | Received a gift from Okawaru
 10514 | Lair:1   | Reached skill level 1 in Shields
 10871 | Lair:1   | Reached skill level 18 in Axes
 12324 | Lair:3   | Received a gift from Okawaru
 12402 | Lair:3   | Found a staircase to the Snake Pit.
 12443 | Lair:3   | Reached XP level 14. HP: 124/125 MP: 19/19
 12707 | Lair:3   | Reached skill level 5 in Shields
 12736 | Lair:3   | Received a gift from Okawaru
 12737 | Lair:3   | Reached skill level 19 in Axes
 13046 | Lair:3   | Found a staircase to the Shoals.
 13255 | Lair:4   | Found a snail-covered altar of Cheibriados.
 13320 | Lair:4   | Received a gift from Okawaru
 13882 | Lair:5   | Entered Level 5 of the Lair of Beasts
 13930 | Lair:5   | Identified the +1 broad axe of Suuny {drain, rPois Dex+3}
                  | (Okawaru gifted it to you on level 5 of the Lair of Beasts)
 13930 | Lair:5   | Received a gift from Okawaru
 14142 | Lair:5   | Found a viscous altar of Jiyva.
 14318 | Lair:5   | Received a gift from Okawaru
 14324 | Lair:5   | Reached XP level 15. HP: 125/134 MP: 20/20
 14368 | Lair:5   | Identified the +7 great mace "Spider's Funeral" {freeze,
                  | rN+}
 14427 | Lair:5   | Reached skill level 20 in Axes
 15372 | Orc:1    | Entered Level 1 of the Orcish Mines
 15514 | D:14     | Identified the +2 pair of gloves of Kuruh {rN+ Will+ rCorr
                  | Int+3} (Okawaru gifted it to you on level 14 of the
                  | Dungeon)
 15514 | D:14     | Received a gift from Okawaru
 15667 | D:14     | Noticed Lodul
 15680 | D:14     | Killed Lodul
 15813 | D:14     | Found a large runed translucent door.
 15881 | D:14     | Found a large runed translucent door.
 16010 | D:14     | Found a large runed translucent door.
 16012 | D:14     | Noticed a frost giant
 16013 | D:14     | Found a large runed translucent door.
 16014 | D:14     | Found a large runed translucent door.
 16056 | D:14     | Found a large runed translucent door.
 16117 | D:14     | Found a large runed translucent door.
 16121 | D:14     | Found a large runed translucent door.
 16209 | D:14     | Reached skill level 10 in Invocations
 16488 | D:14     | Killed a frost giant
 16496 | D:14     | Identified the ring of Weblez {Ice Will++ Dex+5 Slay+2}
 16562 | D:15     | Entered Level 15 of the Dungeon
 16671 | D:15     | Reached skill level 21 in Axes
 16678 | D:15     | Found a staircase to the Depths.
 16898 | D:15     | Reached XP level 16. HP: 145/145 MP: 22/22
 16925 | D:15     | Noticed Roxanne
 16997 | D:15     | Identified the +5 war axe of the Servitors {freeze, MP+9
                  | Int+3} (Okawaru gifted it to you on level 15 of the
                  | Dungeon)
 16997 | D:15     | Received a gift from Okawaru
 17694 | D:15     | Killed Roxanne
 18537 | Orc:2    | Entered Level 2 of the Orcish Mines
 18539 | Orc:2    | Noticed Josephine
 18547 | Orc:2    | Killed Josephine
 18647 | Orc:2    | Found a staircase to the Elven Halls.
 19073 | Orc:2    | Identified the +10 war axe "Vexeur" {freeze, rF+ rC+}
                  | (Okawaru gifted it to you on level 2 of the Orcish Mines)
 19073 | Orc:2    | Received a gift from Okawaru
 19162 | Orc:2    | Found Moulun's Armour Shoppe.
 19393 | Orc:2    | Gained mutation: Your system is resistant to poisons.
                  | (rPois) [a neqoxec]
 19396 | Orc:2    | Gained mutation: Your spells are a little harder to cast,
                  | but a little more powerful. [a neqoxec]
 19415 | Orc:2    | Found Souk Vok's Jewellery Emporium.
 19415 | Orc:2    | Found Lukadyha's Armour Boutique.
 19417 | Orc:2    | Found Mirchus's Book Emporium.
 19417 | Orc:2    | Found Oquewn's Distillery.
 19423 | Orc:2    | Bought the amulet of the Four Winds {rN+ Will+++ Clar} for
                  | 667 gold pieces
 19423 | Orc:2    | Found the amulet of the Four Winds {rN+ Will+++ Clar}
 19437 | Orc:2    | Bought 2 potions of heal wounds for 100 gold pieces
 19437 | Orc:2    | Bought a potion of heal wounds for 50 gold pieces
 19649 | Orc:2    | Bought a +2 chain mail of cold resistance for 365 gold
                  | pieces
 19994 | Snake:1  | Entered Level 1 of the Snake Pit
 20461 | Snake:1  | Reached skill level 10 in Shields
 20494 | Snake:1  | Reached skill level 22 in Axes
 21006 | Snake:1  | Noticed Aizul
 21021 | Snake:1  | Killed Aizul
 21120 | Snake:1  | Received a gift from Okawaru
 21478 | Snake:1  | Noticed Kirke
 21483 | Snake:1  | Noticed a sphinx
 21495 | Snake:1  | Killed Kirke
 22154 | Snake:2  | Identified the +1 robe of the Gloaming {rC- Str+5} (Okawaru
                  | gifted it to you on level 2 of the Snake Pit)
 22154 | Snake:2  | Received a gift from Okawaru
 22155 | Snake:2  | Reached XP level 17. HP: 61/154 MP: 23/23
 22572 | Snake:2  | Reached skill level 15 in Fighting
 22572 | Snake:2  | Mangled by a naga warrior

Illustrated notes

Levels and vault maps discovered:
D:1:      evilmike_arrival_fibonacci_small, layout_basic
D:2:      layout_loops_ring, lightli_corner_chamber
D:3:      layout_loops_ring, gammafunk_ghost_smash, serial_rivers,
          chequers_serial_rivers_room_a, chequers_serial_rivers_large_a,
          chequers_serial_rivers_micro_d, chequers_serial_rivers_micro_b,
          dreamdust_wishing_well, uniq_sigmund
D:4:      layout_cave_pools, minivault_5, uniq_ijyb
D:5:      layout_cave_pools, gup_sewer_entry_pipe, serial_bayou_lake_a
D:6:      layout_gridville, minmay_temple_entry_statues
D:7:      layout_basic, st_stairs_9, uniq_pikel
D:8:      layout_cave_pools
D:9:      layout_roguey, interstate_on_off
D:10:     layout_basic, gammafunk_temple_overflow_forgotten, lair_entry_dummy,
          hangedman_incinerator
D:11:     layout_loops_ring, enter_trove_5
D:12:     layout_roguey, orc_david_3, dreamdust_princess_corridor,
          cheibriados_altar_1
D:13:     layout_roguey, uniq_frances, uniq_sonja
D:14:     minmay_five_octagons, layout_stronghold, erik_vaults_2, worms_lemuel,
          uniq_lodul
D:15:     grunt_enter_depths_giant_problem, layout_basic, serial_bayou_pond_d,
          st_stairs_2, uniq_roxanne
Temple:   hellmonk_temple_divided_pantheon
Lair:1:   layout_chaotic_city, nicolae_quartered_pool_medium
Lair:2:   statuecave_lemuel, layout_small_grid
Lair:3:   layout_cellular_growth, minmay_shoals_entry_hut,
          minmay_snake_entry_six_corridors, dreamdust_wasp_nest
Lair:4:   beast_lair_carwin_large_1, layout_cave_shapes, kennysheep_snail_temple
Lair:5:   hangedman_lair_caniforms_friends, layout_cave_pods,
          minmay_slime_entry_oklob_enclosed, grunt_megastairs_2
Snake:1:  layout_basic, uniq_aizul, uniq_kirke
Snake:2:  layout_gridlike, serial_shops, nicolae_shop_waterfront,
          nicolae_integral_box
Orc:1:    dreamdust_under_siege, layout_caves, mines1_david
Orc:2:    grunt_orc_tribal_feast, layout_diamond_mine, serial_shops, shop,
          basic_altar, uniq_josephine

Skill      XL: |  1  2  3  4  5  6  7  8  9 10 11 12 13 14 15 16 17 |
---------------+----------------------------------------------------+-----
Axes           | 4 5 6 8 9 11 15 16 17 18 19 21 22 | 22.5
Armour         | 1 3 5 6 7 8 10 11 12 13 14 | 14.7
Fighting       | 3 4 5 6 7 8 9 10 11 12 13 14 15 | 15.0
Dodging        | 4 5 6 7 8 10 11 12 13 14 | 14.0
Invocations    | 3 4 5 6 8 9 10 | 10.0
Shields        | 4 7 8 10 | 10.8
Throwing       | |  2.0

Action                   |  1- 3 |  4- 6 |  7- 9 | 10-12 | 13-15 | 16-18 || total
-------------------------+-------+-------+-------+-------+-------+-------++-------
Melee: War axe           |    68 |   109 |    96 |       |       |       ||   273
       Headbutt          |     6 |    13 |    41 |   103 |   223 |   117 ||   503
       Punch             |       |     2 |     4 |     4 |       |       ||    10
       Hand axe          |       |       |   117 |   376 |   256 |       ||   749
       Morningstar       |       |       |       |     4 |    20 |       ||    24
       Broad axe         |       |       |       |       |   581 |   541 ||  1122
Invok: Heroism           |       |       |       |     1 |     4 |       ||     5
       Finesse           |       |       |       |       |     2 |       ||     2
Evoke: Wand              |       |       |       |    27 |     7 |     7 ||    41
  Use: Scroll            |       |    13 |     9 |     9 |     7 |       ||    38
       Potion            |       |       |       |     2 |     4 |     1 ||     7
 Stab: Sleeping          |     3 |     3 |       |       |       |       ||     6
Armor: Leather armour    |    13 |    24 |       |       |       |       ||    37
       Plate armour      |       |       |   120 |   162 |       |       ||   282
       Scale mail        |       |       |       |    23 |   297 |    62 ||   382
       Chain mail        |       |       |       |       |       |    75 ||    75
Dodge: Dodged            |    47 |    76 |   119 |   184 |   447 |   204 ||  1077
Block: Tower shield      |       |       |       |       |   567 |   422 ||   989

Table legend: (Time is in decaauts)
 A = Elapsed time spent in this place.
 B = Non-inter-level travel time spent in this place.
 C = Inter-level travel time spent in this place.
 D = Time resting spent in this place.
 E = Time spent auto-exploring this place.
 F = Levels seen in this place.
 G = Mean time per level.
                   A        B        C        D        E       F      G
               +--------+--------+--------+--------+--------+-----+--------+
         Total |  22557 |  20952 |   1605 |   3785 |  12540 |  26 |  867.6 |
       Dungeon |  12714 |  11680 |   1034 |   1897 |   7370 |  15 |  847.6 |
        Temple |     72 |     55 |     17 |      0 |      5 |   1 |   72.0 |
          Lair |   5079 |   4744 |    335 |    374 |   3289 |   5 | 1015.8 |
     Snake Pit |   2578 |   2545 |     33 |   1231 |    811 |   2 | 1289.0 |
  Orcish Mines |   1916 |   1731 |    185 |    183 |   1029 |   2 |  958.0 |
         Sewer |    194 |    194 |      0 |    100 |     34 |   1 |  194.0 |
               +--------+--------+--------+--------+--------+-----+--------+

Top non-repeatable levels by time:
 Snake:1: 2320 daAuts
    D:14: 1727 daAuts
  Lair:5: 1378 daAuts
    D:15: 1214 daAuts
   Orc:2: 1070 daAuts
  Lair:2: 1067 daAuts
    D:12: 1033 daAuts
     D:7: 1016 daAuts
  Lair:3: 997 daAuts
    D:10: 940 daAuts
  Lair:1: 928 daAuts
     D:2: 903 daAuts
   Orc:1: 846 daAuts
    D:11: 821 daAuts
     D:3: 795 daAuts
